 Dungeon Sprint DCSS version 0.22-a0-402-ga933591 (webtiles) character file.

21413 raistware the Severer (level 12, -1/122 HPs)
             Began as a Deep Dwarf Fighter on May 7, 2018.
             Was the Champion of Makhleb.
             Slain by a spark wasp (11 damage)
             ... in the Dungeon (Sprint IX: "|||||||||||||||||||||||||||||").
             The game lasted 00:22:45 (1394 turns).

raistware the Severer (Deep Dwarf Fighter)          Turns: 1394, Time: 00:22:45

Health: -1/122     AC: 28    Str: 23    XL:     12   Next: 54%
Magic:  24/24      EV: 13    Int: 15    God:    Makhleb [******]
Gold:   1264       SH: 13    Dex: 13    Spells: 11/11 levels left

rFire    . . .     SeeInvis +   o - +1 broad axe of Yesterday {flame, rN++ Str-3 SInv Stlth+}
rCold    . . .     Gourm    .   c - +0 shield
rNeg     + + .     Faith    .   I - +4 plate armour {MR+}
rPois    +         Spirit   .   G - +1 helmet
rElec    .         Reflect  .   y - +0 cloak
rCorr    .         Harm     .   a - +0 pair of gloves
MR       ++...     NoTele   +   p - +0 pair of boots
Stlth    ..........             (no amulet)
HPRegen  0.00/turn              C - ring "Liass" {rPois Int+5}
MPRegen  0.19/turn              s - +3 ring of strength

@: non-regenerating, slowed, very slow
A: damage resistance, heal wounds, sense surroundings 2, no regeneration
a: Heal Wounds, Minor Destruction, Lesser Servant of Makhleb, Major Destruction,
Greater Servant of Makhleb, Renounce Religion


You were in the Dungeon.
You worshipped Makhleb.
Makhleb was exalted by your worship.
You were not hungry.

You visited 1 branch You collected 1909 gold pieces.
You spent 645 gold pieces at shops.

Inventory:

Hand Weapons
 g - a +3 war axe of chopping
 h - a +1 flail of holy wrath
 o - the +1 broad axe of Yesterday (weapon) {flame, rN++ Str-3 SInv Stlth+}
   (You found it in the Dungeon)

   It has been specially enchanted to burn those struck by it, causing extra
   injury to most foes and up to half again as much damage against particularly
   susceptible opponents.
   Big, fiery blades are also staple armaments of hydra-hunters.
   It affects your strength (-3).
   It greatly protects you from negative energy.
   It lets you see invisible.
   It makes you more stealthy.
 B - a +0 blowgun
Missiles
 z - 3 curare-tipped needles
Armour
 a - a +0 pair of gloves (worn)
 c - a +0 shield (worn)
 p - a +0 pair of boots (worn)
 x - a +4 plate armour of fire resistance
 y - a +0 cloak (worn)
 G - a +1 helmet (worn)
 I - a +4 plate armour of magic resistance (worn)
Jewellery
 r - a +3 ring of dexterity
 s - a +3 ring of strength (right hand)
 C - the ring "Liass" (left hand) {rPois Int+5}
   (You bought it in a shop in the Dungeon)

   [ring of poison resistance]

   It affects your intelligence (+5).
   It protects you from poison.
 D - an uncursed ring of protection from magic
 E - an uncursed ring of fire
 F - an uncursed ring of fire
Wands
 n - a wand of acid (9)
Scrolls
 k - 3 scrolls of blinking
 l - 4 scrolls of remove curse
 m - 2 scrolls of amnesia
 t - 2 scrolls of fear
 u - 2 scrolls of identify
 v - a scroll of fog
 A - 4 scrolls of enchant weapon
Potions
 b - 2 potions of brilliance
 d - 3 potions of might
 e - 8 potions of curing
 i - 4 potions of magic
 j - a potion of invisibility
 q - a potion of resistance
 w - a potion of berserk rage
Comestibles
 f - 15 rations
 H - 4 chunks of flesh


   Skills:
 + Level 11.8 Fighting
 - Level 18.0(18.3) Axes
 - Level 5.9(12.5) Maces & Flails
 + Level 14.3 Armour
 + Level 14.0 Dodging
 + Level 11.4 Shields
 + Level 16.3 Invocations


You had 11 spell levels left.
You didn't know any spells.

Dungeon Overview and Level Annotations

Branches:
Dungeon (1/1)

Altars:
Cheibriados
Dithmenos
Elyvilon
Fedhas
Gozag
Hepliaklqana
Kikubaaqudgha
Makhleb
Nemelex Xobeh
Okawaru
Qazlal
Ru
Sif Muna
Trog
Uskayaw
Vehumet
Wu Jian
Xom
Yredelemnul
Zin
The Shining One
Beogh
Jiyva
Lugonu

Shops:
D %}(=


Innate Abilities, Weirdness & Mutations

You are resistant to damage.
You can heal yourself by infusing magical energy.
You passively map the area around you.
You do not regenerate.


Message History

The spark wasp stings you!! The spark wasp shocks you!
You slash the spark wasp! You burn the spark wasp.
The spark wasp is severely wounded.
The spark wasp stings you! The spark wasp shocks you!
The jumping spider leaps!
The spark wasp stings you. The spark wasp shocks you!
* * * LOW HITPOINT WARNING * * *
You hit the spark wasp. You burn the spark wasp.
The spark wasp is severely wounded.
The spark wasp stings you but does no damage.
You swap places.
The spark wasp stings your cacodemon!!
Your cacodemon dies!
The spark wasp stings you but does no damage.
The spark wasp stings you!
* * * LOW HITPOINT WARNING * * *
The spark wasp shocks you!
* * * LOW HITPOINT WARNING * * *
The jumping spider leaps!
You block the spark wasp's attack.
You don't have enough health at the moment.
The spark wasp stings you. The spark wasp shocks you!
You die...

))....).))..)))).............▓
▓▓▓▓▓▓▓▓▓▓▓▓▓▓▓▓▓▓▓▓▓▓▓▓▓▓▓▓▓▓
..........†).................▓
▓▓▓▓▓▓▓▓▓▓▓▓▓▓▓▓▓▓▓▓▓▓▓▓▓▓▓▓.▓
[[[[[.))))))))...."'.........▓
▓▓▓▓▓▓▓▓▓▓▓▓▓▓▓▓▓▓▓▓▓▓▓▓▓▓▓▓▓▓
.............................▓
▓▓▓▓▓▓▓▓▓▓▓▓▓▓▓▓▓▓▓▓▓▓▓▓▓▓▓▓.▓
,+ , .§.sw.ssy@............▓ *
*** ▓▓▓▓▓▓▓▓▓▓▓▓▓▓▓▓▓▓▓▓▓▓▓ ,
,, , , , ** * * * * * * * *, ,
, + , , , , * * * , ,, , , *
*** * * ,* ,, ,, , ,, , , , ,,


You could see a spark wasp, a torpor snail, a demonic crawler, a wolf spider and
a redback.

Vanquished Creatures
  2 stone giants (D)
  A rakshasa (D)
  A two-headed ogre (D)
  A centaur warrior (D)
  A deep elf mage (D)
  2 black mambas (D)
  A rime drake (shapeshifter) (D)
  2 spiny frogs (D)
  A yaktaur (D)
  A komodo dragon (D)
  A blink frog (D)
  2 hippogriffs (D)
  A tarantella (D)
  3 yaks (D)
  Grum (D)
  3 water moccasins (D)
  2 porcupines (D)
  3 orc warriors (D)
  A sky beast (D)
  A black bear (D)
  5 ogres (D)
  4 wolves (D)
  2 centaurs (D)
  A crocodile (D)
  2 bullfrogs (D)
  A killer bee (D)
  2 orc wizards (D)
  2 worker ants (D)
  A gnoll (D)
  An adder (D)
  An adder zombie (D)
  An orc (D)
  2 bats (D)
  A bat skeleton (D)
  A goblin (D)
  A hobgoblin (D)
  A quokka (D)
  A kobold (D)
61 creatures vanquished.

Vanquished Creatures (collateral kills)
  Saint Roka (D)
  Frances (D)
  Azrael (D)
  A fire dragon (D)
  Josephine (D)
  3 ogre magi (D)
  6 two-headed ogres (D)
  A tengu warrior (D)
  6 death yaks (D)
  Urug (D)
  Sonja (D)
  An orc knight (D)
  A demonic crawler (D)
  2 yaks (D)
  4 wraiths (D)
  A shadow (D)
  2 fire elementals (D)
  A basilisk (D)
  A vampire mosquito (D)
  4 hell hounds (D)
  13 orc warriors (D)
  3 orc priests (D)
  4 orc wizards (D)
  7 orcs (D)
  A bat simulacrum (D)
68 creatures vanquished.

Grand Total: 129 creatures vanquished

Notes
Turn   | Place    | Note
-------+----------+-------------------------------------------
     0 | D        | raistware the Deep Dwarf Fighter began the quest for the Orb.
     0 | D        | Reached XP level 1. HP: 20/20 MP: 1/1
    12 | D        | Reached skill level 3 in Axes
    18 | D        | Reached skill level 4 in Axes
    35 | D        | Noticed a centaur
    35 | D        | Noticed a worker ant
    35 | D        | Noticed an orc wizard
    38 | D        | Killed an orc wizard
    38 | D        | Reached skill level 7 in Axes
    38 | D        | Reached XP level 2. HP: 24/27 MP: 2/2
    38 | D        | Reached XP level 3. HP: 29/33 MP: 3/3
    51 | D        | Reached skill level 8 in Axes
    53 | D        | Reached XP level 4. HP: 40/40 MP: 4/4
    57 | D        | Killed a centaur
    57 | D        | Reached skill level 11 in Axes
    57 | D        | Reached XP level 5. HP: 46/46 MP: 5/5
    64 | D        | Found a roughly hewn altar of Beogh.
    64 | D        | Found a snail-covered altar of Cheibriados.
    64 | D        | Found a shadowy altar of Dithmenos.
    64 | D        | Found a white marble altar of Elyvilon.
    64 | D        | Found a blossoming altar of Fedhas.
    64 | D        | Found an opulent altar of Gozag.
    65 | D        | Found a hazy altar of Hepliaklqana.
    66 | D        | Found a viscous altar of Jiyva.
    67 | D        | Found an ancient bone altar of Kikubaaqudgha.
    68 | D        | Found a corrupted altar of Lugonu.
    69 | D        | Found a burning altar of Makhleb.
    70 | D        | Found a sparkling altar of Nemelex Xobeh.
    71 | D        | Found an iron altar of Okawaru.
    72 | D        | Found a stormy altar of Qazlal.
    73 | D        | Found a sacrificial altar of Ru.
    74 | D        | Found a deep blue altar of Sif Muna.
    75 | D        | Found a bloodstained altar of Trog.
    76 | D        | Found a hide-covered altar of Uskayaw.
    77 | D        | Became a worshipper of Makhleb the Destroyer
    78 | D        | Found a radiant altar of Vehumet.
    79 | D        | Found an ornate altar of the Wu Jian Council.
    80 | D        | Found a shimmering altar of Xom.
    81 | D        | Found a basalt altar of Yredelemnul.
    82 | D        | Found a glowing silver altar of Zin.
    83 | D        | Found a glowing golden altar of the Shining One.
   100 | D        | Got the +1 broad axe of Yesterday {flame, rN++ Str-3 SInv Stlth+}
   136 | D        | Noticed a black bear
   151 | D        | Killed a black bear
   151 | D        | Reached * piety under Makhleb
   151 | D        | Reached skill level 12 in Axes
   153 | D        | Reached skill level 13 in Axes
   153 | D        | Reached XP level 6. HP: 35/55 MP: 6/6
   163 | D        | Reached ** piety under Makhleb
   204 | D        | Noticed a deep elf mage
   204 | D        | Noticed a sky beast
   204 | D        | Noticed a yak
   206 | D        | Killed a yak
   206 | D        | Reached skill level 15 in Axes
   210 | D        | Killed a sky beast
   210 | D        | Reached XP level 7. HP: 41/61 MP: 7/7
   228 | D        | Noticed a jumping spider
   229 | D        | Reached *** piety under Makhleb
   229 | D        | Reached skill level 16 in Axes
   232 | D        | Killed a deep elf mage
   232 | D        | Reached skill level 17 in Axes
   232 | D        | Reached XP level 8. HP: 59/68 MP: 8/8
   234 | D        | Reached skill level 18 in Axes
   345 | D        | Noticed a black mamba
   345 | D        | Noticed a komodo dragon
   345 | D        | Noticed a spiny frog
   351 | D        | Killed a spiny frog
   356 | D        | Killed a komodo dragon
   356 | D        | Reached **** piety under Makhleb
   356 | D        | Reached skill level 5 in Armour
   356 | D        | Reached skill level 5 in Invocations
   360 | D        | Reached skill level 5 in Dodging
   361 | D        | Noticed a hippogriff
   376 | D        | Killed a black mamba
   376 | D        | Gained mutation: You passively map the area around you. [Deep Dwarf growth]
   376 | D        | Reached XP level 9. HP: 22/79 MP: 10/14
   387 | D        | Reached ***** piety under Makhleb
   391 | D        | Reached skill level 5 in Fighting
   404 | D        | Noticed a black mamba
   407 | D        | Noticed a spiny frog
   414 | D        | Reached skill level 1 in Maces & Flails
   420 | D        | Killed a black mamba
   440 | D        | Killed a spiny frog
   440 | D        | Reached ****** piety under Makhleb
   440 | D        | Reached skill level 10 in Invocations
   444 | D        | Reached XP level 10. HP: 83/92 MP: 17/17
   458 | D        | Noticed a death yak
   458 | D        | Noticed a death yak
   458 | D        | Noticed a death yak
   458 | D        | Noticed a death yak
   458 | D        | Noticed a death yak
   464 | D        | Killed a death yak
   465 | D        | Killed a death yak
   465 | D        | Reached skill level 5 in Maces & Flails
   468 | D        | Noticed a death yak
   468 | D        | Killed a death yak
   470 | D        | Killed a death yak
   470 | D        | Reached skill level 10 in Armour
   474 | D        | Killed a death yak
   478 | D        | Killed a death yak
   548 | D        | Noticed Sonja
   552 | D        | Killed Sonja
   552 | D        | Reached skill level 10 in Dodging
   557 | D        | Noticed Urug
   563 | D        | Killed Urug
   596 | D        | Noticed Josephine
   602 | D        | Killed Josephine
   602 | D        | Reached skill level 5 in Shields
   666 | D        | Noticed an orc knight
   683 | D        | Killed an orc knight
   683 | D        | Reached XP level 11. HP: 55/104 MP: 20/20
   764 | D        | Found Kiuph's Jewellery Boutique.
   764 | D        | Noticed an ogre mage
   764 | D        | Noticed a two-headed ogre
   764 | D        | Noticed a two-headed ogre
   764 | D        | Noticed a two-headed ogre
   765 | D        | Noticed a two-headed ogre
   773 | D        | Killed a two-headed ogre
   780 | D        | Killed a two-headed ogre
   782 | D        | Killed a two-headed ogre
   786 | D        | Killed an ogre mage
   787 | D        | Killed a two-headed ogre
   798 | D        | Found Kudoo's Weapon Shop.
   803 | D        | Found Oqoizeqo's Gadget Boutique.
   807 | D        | Noticed a two-headed ogre
   807 | D        | Found Gupakhex's Food Shop.
   809 | D        | Noticed an ogre mage
   810 | D        | Noticed a two-headed ogre
   814 | D        | Killed a two-headed ogre
   817 | D        | Killed an ogre mage
   818 | D        | Bought the ring "Liass" {rPois Int+5} for 450 gold pieces
   824 | D        | Killed a two-headed ogre
   851 | D        | Bought a ration for 65 gold pieces
   851 | D        | Bought a ration for 65 gold pieces
   851 | D        | Bought a ration for 65 gold pieces
   919 | D        | Noticed Grum
   933 | D        | Killed Grum
  1074 | D        | Noticed a two-headed ogre
  1074 | D        | Noticed a rakshasa
  1077 | D        | Reached skill level 10 in Fighting
  1079 | D        | Killed a two-headed ogre
  1081 | D        | Killed a rakshasa
  1083 | D        | Noticed a fire dragon
  1089 | D        | Noticed a tengu warrior
  1090 | D        | Killed a fire dragon
  1091 | D        | Noticed an ogre mage
  1098 | D        | Killed an ogre mage
  1098 | D        | Killed a tengu warrior
  1110 | D        | Noticed a centaur warrior
  1114 | D        | Noticed a stone giant
  1130 | D        | Noticed a stone giant
  1134 | D        | Killed a stone giant
  1141 | D        | Reached skill level 15 in Invocations
  1157 | D        | Killed a stone giant
  1157 | D        | Reached skill level 10 in Shields
  1157 | D        | Reached XP level 12. HP: 66/118 MP: 23/23
  1162 | D        | Killed a centaur warrior
  1202 | D        | Noticed Frances
  1213 | D        | Killed Frances
  1229 | D        | Noticed Saint Roka
  1247 | D        | HP: 6/120 [Saint Roka/divine providence (11)]
  1257 | D        | Killed Saint Roka
  1287 | D        | Noticed Azrael
  1295 | D        | Killed Azrael
  1368 | D        | Noticed a spark wasp
  1394 | D        | Slain by a spark wasp

Vault maps used:
D:        linesprint

Skill      XL: |  1  2  3  4  5  6  7  8  9 10 11 12 |
---------------+-------------------------------------+-----
Axes           | 7 8 11 13 15 17 18 | 18.0
Armour         | 7 9 11 13 14 | 14.3
Dodging        | 6 8 10 13 14 | 14.0
Invocations    | 7 10 12 15 16 | 16.3
Fighting       | 4 6 8 10 11 | 11.8
Maces & Flails | 4 5 |  5.9
Shields        | 5 10 11 | 11.4

Action                   |  1- 3 |  4- 6 |  7- 9 | 10-12 || total
-------------------------+-------+-------+-------+-------++-------
Melee: War axe           |    34 |     4 |       |       ||    38
       Broad axe         |       |    28 |   101 |   127 ||   256
Invok: Major Destruction |       |       |     1 |       ||     1
       Greater Servant o |       |       |       |     9 ||     9
 Abil: Heal Wounds       |       |       |       |     1 ||     1
Evoke: Wand              |       |     1 |       |       ||     1
  Use: Potion            |     1 |     1 |     3 |     3 ||     8
  Eat: Chunk             |       |       |       |     2 ||     2
Armor: Scale mail        |    16 |    14 |    15 |    12 ||    57
       Plate armour      |       |       |       |    27 ||    27
Dodge: Dodged            |    11 |     7 |    30 |    41 ||    89
Block: Shield            |    18 |    15 |    40 |    61 ||   134

Table legend:
 A = Spawn XP
 B = Non-spawn XP
 C = Spawn XP percentage of total XP
 D = Spawn monster count
 E = Non-spawn monster count
 F = Spawn count percentage of total count
 G = Total turns spent on level
                    A         B        C        D         E        F      G
               +---------+---------+-------+---------+---------+-------+---------
         Total |       0 |   30591 |   0.0 |       0 |     129 |   0.0 |  1394
               +---------+---------+-------+---------+---------+-------+---------
             D |       0 |   30591 |   0.0 |       0 |     129 |   0.0 |  1394
               +---------+---------+-------+---------+---------+-------+---------
